 Dungeon Crawl Stone Soup version 0.19.5 (webtiles) character file.

101 McKennaii the Skirmisher (level 4, -2/37 HPs)
             Began as a Demonspawn Abyssal Knight on Apr 28, 2017.
             Was a Believer of Lugonu.
             Slain by a gnoll
             ... wielding a +0 halberd
              (5 damage)
             ... on level 2 of the Dungeon.
             The game lasted 00:04:04 (1933 turns).

McKennaii the Skirmisher (DsAK)                     Turns: 1933, Time: 00:04:04

Health: -2/37      AC:  8    Str: 12    XL:     4   Next: 48%
Magic:  5/5        EV:  7    Int: 13    God:    Lugonu [**....]
Gold:   50         SH:  0    Dex: 17    Spells: 0 memorised, 3 levels left

rFire  . . .     SeeInvis +     a - +1 falchion
rCold  . . .     Gourm    .     k - +0 chain mail
rNeg   . . .     Faith    .     (no shield)
rPois  .         Spirit   .     (no helmet)
rElec  .         Reflect  .     (no cloak)
rCorr  .         Harm     .     (no gloves)
MR     .....                    (no boots)
Stlth  ..........               (no amulet)
                                m - +3 ring of dexterity
                                i - ring of see invisible

@: no status effects
A: sturdy frame 1
a: Depart the Abyss, Bend Space, Renounce Religion


You were on level 2 of the Dungeon.
You worshipped Lugonu.
Lugonu was pleased with you.
You were not hungry.

You visited 1 branch of the dungeon, and saw 2 of its levels.
You visited the Abyss 1 time.

You collected 50 gold pieces.

Inventory:

Hand Weapons
 a - a +1 falchion (weapon)
Armour
 b - a +0 leather armour
 k - a +0 chain mail (worn)
Jewellery
 i - a ring of see invisible (left hand)
 m - a +3 ring of dexterity (right hand)
Scrolls
 d - a scroll of recharging {unknown}
 e - a scroll of magic mapping {unknown}
 g - a scroll of remove curse {unknown}
 h - 2 scrolls of enchant armour {unknown}
Potions
 f - a potion of flight {unknown}
 j - 2 potions of heal wounds {unknown}
 n - a potion of ambrosia {unknown}
Comestibles
 c - 3 bread rations
 l - a chunk of flesh


   Skills:
 + Level 3.9 Fighting
 + Level 2.9 Long Blades
 + Level 2.5 Armour
 + Level 1.3 Dodging
 + Level 2.5 Invocations


You had 3 spell levels left.
You didn't know any spells.

Dungeon Overview and Level Annotations

Branches:
Dungeon (2/15)

Altars:
Dithmenos
Fedhas


Innate Abilities, Weirdness & Mutations

Your movements are slightly less encumbered by armour. (ER -2)


Message History

l - 2 chunks of flesh
Things that are here:
a club; a gnoll skeleton Eat one of 2 chunks of flesh? (ye/n/q)
You start eating one of the 2 chunks of flesh.
This raw flesh tastes terrible.
Unknown command.
There is a stone staircase leading down, spattered with blood here.
You climb downwards.
The gnoll hits you with a halberd.
There is a stone staircase leading up here.
You completely miss the gnoll. The gnoll hits you with a halberd!
* * * LOW HITPOINT WARNING * * *
You hit the gnoll.
The gnoll is lightly wounded.
The gnoll hits you with a halberd.
* * * LOW HITPOINT WARNING * * *
You closely miss the gnoll.
The gnoll is lightly wounded.
The gnoll hits you with a halberd.
You die...

#.##g..g.g.)#
#...######..# ###.#
#..#### #...# #.....#
#.### ####.###.# #.#
#....###'####
#####'#####....'.......
#.........#....#......[
#.....@(..#....#.......
#....g..).#....##).....
#.........#######.....P
#.....................P
#.................###.P
#.................# #..
#.................#####
##########..........#
#######....#


You could see a gnoll.

Vanquished Creatures
  An adder (D:1)
  2 gnolls (D:1)
  A white imp (Abyss:1)
  An ooze (D:2)
  A worm (D:2)
  2 dart slugs (D:1)
  3 leopard geckos
  4 giant cockroaches
  6 goblins
  6 hobgoblins
  4 jackals (D:2)
  5 bats
  2 frilled lizards
  9 kobolds
  2 rats (D:2)
49 creatures vanquished.

Vanquished Creatures (others)
  5 toadstools (D:1)
5 creatures vanquished.

Grand Total: 54 creatures vanquished

Notes
Turn   | Place    | Note
-------+----------+-------------------------------------------
     0 | Abyss:1  | McKennaii the Demonspawn Abyssal Knight began the quest for the Orb.
     0 | Abyss:1  | Reached XP level 1. HP: 18/18 MP: 2/2
    31 | Abyss:1  | Noticed a small abomination
   156 | Abyss:1  | Noticed a thrashing horror
   161 | D:1      | Escaped the Abyss
   176 | D:1      | Gained mutation: Your movements are slightly less encumbered by armour. (ER -2) [demonic ancestry]
   176 | D:1      | Reached XP level 2. HP: 5/24 MP: 3/3
   351 | D:1      | Reached * piety under Lugonu
   700 | D:1      | Reached skill level 1 in Dodging
   749 | D:1      | Reached XP level 3. HP: 6/29 MP: 4/4
  1211 | D:2      | Found a shadowy altar of Dithmenos.
  1270 | D:2      | Found a blossoming altar of Fedhas.
  1445 | D:2      | Reached ** piety under Lugonu
  1535 | D:2      | Reached XP level 4. HP: 32/37 MP: 5/5
  1933 | D:2      | Slain by a gnoll

Skill      XL: |  1  2 |
---------------+-------+-----
Armour         | 2 |  2.5
Long Blades    | 2 |  2.9
Dodging        | 1 |  1.3
Fighting       | |  3.9
Invocations    | |  2.5

Action                   |  1- 3 |  4- 6 || total
-------------------------+-------+-------++-------
Melee: Falchion          |   120 |    32 ||   152
Invok: Depart the Abyss  |     1 |       ||     1
  Eat: Chunk             |     2 |     2 ||     4
Armor: Leather armour    |    35 |       ||    35
       Chain mail        |    27 |    24 ||    51
Dodge: Dodged            |    86 |    14 ||   100
       Rpst.: Falchion   |    25 |     4 ||    29
